 Dungeon Crawl Stone Soup version 0.19-a0-1937-g70ed36a (webtiles) character file.

133 kae the Insei (level 4, -1/38 HPs)
             Began as a Draconian Transmuter on Oct 26, 2016.
             Slain by a wyvern skeleton (13 damage)
             ... on level 6 of the Dungeon.
             The game lasted 00:03:19 (3682 turns).

kae the Insei (Draconian Transmuter)                Turns: 3682, Time: 00:03:21

Health: -1/38      AC:  6    Str: 12    XL:     4   Next: 93%
Magic:  6/7        EV: 12    Int: 14    God:
Gold:   110        SH:  0    Dex: 12    Spells: 1 memorised, 6 levels left

rFire  . . .     SeeInvis .       - Unarmed
rCold  + . .     Gourm    .     (armour unavailable)
rNeg   . . .     Faith    .     (no shield)
rPois  .         Spirit   .     (helmet restricted)
rElec  .         Reflect  .     (no cloak)
rCorr  .         Harm     .     v - +0 pair of gloves
MR     .....                    (no boots)
Stlth  +.........               (no amulet)
                                (no ring)
                                p - ring of protection from cold

@: appendage (expiring)
A: unfitting armour, horns 2, cold-blooded, AC +5
a: End Transformation


You were on level 6 of the Dungeon.
You were not hungry.
You had grown temporary horns.
You visited 1 branch of the dungeon, and saw 6 of its levels.

You collected 110 gold pieces.

Inventory:

Missiles
 a - 31 arrows
Armour
 v - a +0 pair of gloves (worn)
Jewellery
 p - a ring of protection from cold (left hand)
 r - an uncursed ring of ice
 w - an uncursed ring of protection from magic {unknown}
Scrolls
 e - a scroll of enchant armour {unknown}
 h - a scroll of random uselessness {unknown}
 j - 4 scrolls of identify {unknown}
 l - 3 scrolls of amnesia {unknown}
 m - 2 scrolls of enchant weapon {unknown}
 o - 2 scrolls of teleportation {unknown}
 u - a scroll of immolation {unknown}
Potions
 d - 4 potions of curing {unknown}
 g - 2 potions of agility {unknown}
 i - a potion of magic {unknown}
 k - a potion of heal wounds {unknown}
 q - a potion of berserk rage {unknown}
 s - a potion of degeneration {unknown}
 x - a potion of flight {unknown}
Books
 b - a book of Changes

   Spells                             Type                      Level
   a - Beastly Appendage              Transmutation                1
   b - Sticks to Snakes               Transmutation                2
   c - Spider Form                    Transmutation/Poison         3
   d - Ice Form                       Ice/Transmutation            4
   e - Blade Hands                    Transmutation                5
Comestibles
 c - a bread ration
 f - a meat ration
 n - 2 fruits
 t - 2 chunks of flesh


   Skills:
 + Level 3.1 Fighting
 - Level 1.7 Dodging
 * Level 4.9 Unarmed Combat
 - Level 2.0 Spellcasting
 - Level 2.0 Transmutations


You had 6 spell levels left.
You knew the following spells:

 Your Spells              Type           Power        Failure   Level  Hunger
a - Beastly Appendage     Tmut           #.....       12%         1    ##.....


Dungeon Overview and Level Annotations

Branches:
Dungeon (7/15)
 Temple: D:4-7

Altars:


Innate Abilities, Weirdness & Mutations

Your plain brown scales are hard. (AC +5)
You cannot fit into any form of body armour.
You are cold-blooded and may be slowed by cold attacks.
You have a pair of horns on your head.


Message History

You are too injured to fight recklessly!
You are too injured to fight recklessly!
You are too injured to fight recklessly!
You are too injured to fight recklessly!
You are too injured to fight recklessly!
You are too injured to fight recklessly!
You are too injured to fight recklessly!
You are too injured to fight recklessly!
You are too injured to fight recklessly!
You punch the wyvern skeleton!
The wyvern skeleton is severely damaged.
The wyvern skeleton barely misses you.
You barely miss the wyvern skeleton.
The wyvern skeleton is severely damaged.
Your transformation is almost over.
The wyvern skeleton closely misses you. The wyvern skeleton bites you!
You barely miss the wyvern skeleton.
The wyvern skeleton is severely damaged.
The wyvern skeleton bites you!
You die...

#.# ...
#.# ...
#.# ....
#.#
.....
#.###...
#.#...
#.#Z###
#>@...#
###.#.#
...
##...
####


You could see a wyvern skeleton.

Vanquished Creatures
  5 adders
  An adder skeleton (D:4)
  3 dart slugs
  4 leopard geckos
  7 orcs (D:3)
  7 goblins
  9 hobgoblins
  5 jackals
  5 kobolds
  4 quokkas
  2 ball pythons
  6 bats
  5 frilled lizards
  4 rats (D:1)
67 creatures vanquished.

Notes
Turn   | Place    | Note
-------+----------+-------------------------------------------
     0 | D:1      | kae the Draconian Transmuter began the quest for the Orb.
     0 | D:1      | Reached XP level 1. HP: 16/16 MP: 3/3
   186 | D:1      | Reached XP level 2. HP: 16/24 MP: 5/5
  1164 | D:2      | Reached XP level 3. HP: 20/29 MP: 6/6
  1225 | D:2      | Reached skill level 4 in Unarmed Combat
  1788 | D:2      | Reached XP level 4. HP: 28/37 MP: 7/7
  3658 | D:4      | You fall through a shaft for 3 floors!
  3682 | D:6      | Slain by a wyvern skeleton

Vault maps used:
D:1:      dpeg_arrival_rhombus, serial_bayou, serial_bayou_lagoon_a,
          serial_bayou_pond_a, serial_bayou_pond_d, serial_bayou_shore_b,
          serial_bayou_pond_c
D:4:      serial_shops, shop, uniq_robin, uniq_duvessa
D:7:      enter_bailey_2, the_bakery, nemelex_spade_bored_becter

Skill      XL: |  1  2  3  4 |
---------------+-------------+-----
Fighting       | 2 3 |  3.1
Unarmed Combat | 4 |  4.9
Dodging        | |  1.7
Spellcasting   | |  2.0
Transmutations | |  2.0

Action                   |  1- 3 |  4- 6 || total
-------------------------+-------+-------++-------
Melee: Unarmed           |   145 |   130 ||   275
       Tailslap          |    16 |    16 ||    32
       Punch             |     1 |     3 ||     4
       Kick              |       |     6 ||     6
 Cast: Beastly Appendage |     1 |     4 ||     5
 Stab: Sleeping          |     1 |       ||     1
  Eat: Chunk             |     3 |     6 ||     9
Armor: Skin              |    42 |    31 ||    73
Dodge: Dodged            |   114 |    45 ||   159
